 Dungeon Crawl Stone Soup version 0.24.0-1-gfbc8707122 (console) character file.

Game seed: 9703972699500748903, levelgen mode: deterministic

139 AlterAsc the Ruffian (level 5, 0/31 HPs)
             Began as a Gargoyle Transmuter on Oct 28, 2019.
             Slain by Grinder (2 damage)
             ... on level 3 of the Dungeon.
             The game lasted 00:12:09 (3047 turns).

AlterAsc the Ruffian (Gargoyle Transmuter)          Turns: 3047, Time: 00:12:10

Health: 0/31       AC: 15    Str: 14    XL:     5   Next: 22%
Magic:  8/8        EV:  4    Int: 14    God:
Gold:   102        SH:  0    Dex: 10    Spells: 6/9 levels left

rFire    . . .     SeeInvis .     - Unarmed
rCold    . . .     Gourm    .   (no shield)
rNeg     + . .     Faith    .   g - +0 plate armour
rPois    ∞         Spirit   .   (no helmet)
rElec    +         Reflect  .   (no cloak)
rCorr    .         Harm     .   s - +0 pair of gloves
MR       .....                  (no boots)
Stlth    ..........             (no amulet)
HPRegen  0.10/turn              (no ring)
MPRegen  0.11/turn              (no ring)

@: no status effects
A: negative energy resistance 1, electricity resistance, unbreathing,
petrification resistance, rot immunity, AC +4
a: no special abilities


You were on level 3 of the Dungeon.
You were not hungry.

You visited 1 branch of the dungeon, and saw 3 of its levels.

You collected 102 gold pieces.

Inventory:

Missiles
 a - 63 arrows
Armour
 b - a +0 robe
 g - a +0 plate armour (worn)
 m - a +0 leather armour
 s - a +0 pair of gloves (worn)
Scrolls
 e - 2 scrolls of identify {unknown}
 f - 2 scrolls of teleportation {unknown}
 h - a scroll of amnesia {unknown}
 i - a scroll of blinking {unknown}
 l - a scroll of fog {unknown}
 n - a scroll of enchant armour {unknown}
 o - a scroll of random uselessness {unknown}
 p - a scroll of remove curse {unknown}
Potions
 c - 2 potions of curing {unknown}
 j - a potion of lignification {unknown}
 k - a potion of degeneration {unknown}
 q - a potion of might {unknown}
 t - a potion of brilliance {unknown}
 u - a potion of agility
Comestibles
 d - 3 rations


   Skills:
 + Level 2.4 Fighting
 + Level 1.5 Armour
 + Level 2.2 Dodging
 + Level 3.5 Unarmed Combat
 + Level 2.6 Spellcasting
 + Level 2.2 Transmutations


You had 6 spell levels left.
You knew the following spells:

 Your Spells              Type           Power        Failure   Level  Hunger
a - Beastly Appendage     Tmut           #.....       100%        1    #......
b - Sticks to Snakes      Tmut           #.......     100%        2    ###....

Your spell library contained the following spells:

 Spells                   Type           Power        Failure   Level  Hunger
 Spider Form              Tmut/Pois      #.........   100%        3    ###....
 Ice Form                 Ice/Tmut       #.......     100%        4    #####..
 Blade Hands              Tmut           #.........   100%        5    ######.


Dungeon Overview and Level Annotations

Branches:
Dungeon (3/15)

Altars:
Trog

Annotations:
D:3 Grinder


Innate Abilities, Weirdness & Mutations

You are resistant to torment.
Your stone body is resilient. (AC +4)
You are immune to poison.
You resist negative energy. (rN+)
You are resistant to electric shocks. (rElec)
You can survive without breathing.
You are immune to petrification.
You are immune to rotting.


Message History

Grinder is moderately wounded.
Grinder hits you but does no damage.
Your plate armour prevents you from hitting Grinder.
Grinder is moderately wounded.
Grinder gestures at you.
You are unaffected.
You closely miss Grinder.
Grinder is moderately wounded.
Grinder hits you.
Your plate armour prevents you from hitting Grinder.
Grinder is moderately wounded.
Grinder gestures at you. Pain shoots through your body!
* * * LOW HITPOINT WARNING * * *
You closely miss Grinder.
Grinder is moderately wounded.
Grinder hits you.
* * * LOW HITPOINT WARNING * * *
You writhe in agony.
You die...

##.# ##.....## #.###
####.r#####.......## #.#.#
#.######..................###....
.........#######..........'[...(.
..######.## #..........###...÷
#..## #.#.......## ###.# #.#.#
#.##.....## #.# #..## #5###...##
#.# #.## #@####+## #o#
#.#######.[<.#.# #.#
#......=..##.#.# #o#
##.#.#######.#.## #.# #.......#
#....## #.. ###.###.###.....# ###
#.# .........###### # #..
......#.###...#####
###.#.###.#.##...oo.o..


You could see Grinder.

Vanquished Creatures
  Terence (D:3)
  An orc wizard (D:3)
  4 adders
  A dart slug (D:3)
  6 orcs
  6 bats
  5 giant cockroaches
  2 hobgoblins (D:2)
  3 jackals (D:2)
  8 kobolds
  A ball python (D:1)
  A frilled lizard (D:3)
  5 goblins
  2 rats
46 creatures vanquished.

Vanquished Creatures (collateral kills)
  An orc (D:2)
1 creature vanquished.

Grand Total: 47 creatures vanquished

Notes
Turn   | Place    | Note
-------+----------+-------------------------------------------
     0 | D:1      | AlterAsc the Gargoyle Transmuter began the quest for the
                  | Orb.
     0 | D:1      | Reached XP level 1. HP: 12/12 MP: 3/3
   468 | D:1      | Reached XP level 2. HP: 15/16 MP: 5/5
  1457 | D:2      | Reached XP level 3. HP: 20/21 MP: 4/6
  1550 | D:2      | Found a bloodstained altar of Trog.
  1894 | D:3      | Learned a level 2 spell: Sticks to Snakes
  1965 | D:3      | Reached skill level 1 in Armour
  1965 | D:3      | Reached XP level 4. HP: 22/26 MP: 5/7
  2001 | D:3      | Noticed Terence
  2372 | D:3      | Killed Terence
  2707 | D:3      | Reached XP level 5. HP: 11/31 MP: 8/8
  2981 | D:3      | Noticed Grinder
  3047 | D:3      | Slain by Grinder

Levels and vault maps discovered:
D:1:      dpeg_arrival_solitude, layout_basic
D:2:      layout_loops_ring, corexii_leaking_fountain, grunt_decor_mini_mirrors,
          trog_three_pillars_becter
D:3:      layout_loops_corners, first_ration, uniq_natasha, uniq_terence,
          uniq_grinder

Skill      XL: |  1  2  3 |
---------------+----------+-----
Transmutations | 2 |  2.2
Dodging        | 2 |  2.2
Fighting       | 2 |  2.4
Armour         | 1 |  1.5
Unarmed Combat | |  3.5
Spellcasting   | |  2.6

Action                   |  1- 3 |  4- 6 || total
-------------------------+-------+-------++-------
Melee: Unarmed           |   146 |   123 ||   269
       Headbutt          |     3 |       ||     3
       Kick              |     2 |     6 ||     8
       Punch             |     2 |     1 ||     3
 Cast: Beastly Appendage |    12 |     2 ||    14
       Sticks to Snakes  |       |     1 ||     1
  Eat: Chunk             |     4 |     3 ||     7
Armor: Robe              |     5 |       ||     5
       Leather armour    |    53 |    14 ||    67
       Plate armour      |       |    41 ||    41
Dodge: Dodged            |    98 |    46 ||   144
